Map: Pillars of Gold LE

Players

Solar

  • Race: Zerg Zerg
  • Spawn Location: 1:00

ShoWTimE - Winner!

  • Race: Protoss Protoss
  • Spawn Location: 7:00

Event: IEM Katowice 2021

VOD

Have the link to the VOD?

Description

Time

  • Played on: Feb. 22, 2021, 9:27 a.m.
  • Length: 11:37

All games in this series

Show
View Real Time Build Order
Export as new Build Order

Solar Zerg 

Build Orders: Hatch First, Lurkers, Swarm Host 

Get SALT Encoding   

  12  0:00  Drone  
  13  0:12  Overlord  
  13  0:17  Drone  
  14  0:32  Drone x2  
  16  0:50  Hatchery  
  16  0:53  Drone  
  16  0:57  Drone  
  17  1:00  Drone  
  18  1:10  Extractor  
  17  1:16  Spawning Pool  
  16  1:19  Drone  
  16  1:22  Drone  
  18  1:28  Drone  
  19  1:40  Drone  
  20  1:51  Overlord  
  20  2:03  Queen x2  
  20  2:04  Zergling x4  
  26  2:11  Metabolic Boost  
  26  2:14  Drone  
  27  2:17  Drone  
  28  2:25  Drone  
  28  2:26  Drone  
  30  2:41  Hatchery  
  30  2:43  Drone  
  30  2:47  Queen  
  32  2:52  Overlord  
  32  2:55  Drone  
  32  2:57  Drone  
  34  3:02  Drone x2  
  36  3:13  Drone x4  
  36  3:15  Zergling x2  
  36  3:16  Zergling x2  
  36  3:18  Zergling x2  
  43  3:26  Overlord  
  43  3:28  Drone  
  43  3:32  Drone  
  43  3:33  Drone  
  44  3:36  Drone  
  43  3:43  Drone, Spore Crawler  
  43  3:46  Drone  
  43  3:47  Drone  
  45  3:53  Spore Crawler  
  44  3:56  Queen  
  44  3:57  Drone  
  44  3:59  Drone  
  44  4:01  Drone  
  49  4:03  Overlord  
  49  4:06  Drone x2  
  51  4:14  Queen  
  51  4:17  Drone x3  
  56  4:21  Overlord  
  56  4:22  Drone  
  57  4:27  Drone x2, Spore Crawler  
  58  4:31  Zergling x6  
  58  4:33  Drone  
  58  4:36  Drone  
  58  4:37  Drone  
  64  4:40  Overlord  
  64  4:44  Drone x3  
  64  4:45  Drone  
  68  4:48  Lair  
  68  4:53  Drone x2  
  68  4:59  Drone, Roach Warren  
  70  5:00  Drone  
  70  5:02  Extractor  
  70  5:03  Drone x2  
  70  5:04  Extractor  
  70  5:06  Overlord  
  71  5:10  Drone x4  
  71  5:12  Overlord  
  71  5:14  Drone  
  76  5:18  Drone  
  76  5:19  Drone x3  
  80  5:22  Overlord  
  80  5:23  Drone  
  80  5:25  Extractor  
  80  5:26  Drone x2  
  80  5:27  Extractor  
  81  5:29  Overlord  
  81  5:30  Drone  
  81  5:31  Drone  
  81  5:34  Drone x2  
  85  5:35  Extractor  
  85  5:38  Drone  
  85  5:39  Drone  
  84  5:43  Drone  
  85  5:50  Spire, Glial Reconstitution  
  85  5:52  Drone  
  85  5:53  Evolution Chamber  
  85  5:55  Queen  
  86  5:57  Overlord  
  86  5:59  Zergling x6  
  86  6:01  Overseer  
  86  6:03  Overlord  
  89  6:11  Overlord  
  89  6:14  Drone  
  90  6:20  Drone  
  90  6:22  Hatchery  
  90  6:23  Roach x2  
  90  6:24  Zergling x10, Roach  
  100  6:27  Overlord  
  100  6:30  Hatchery  
  100  6:36  Overlord  
  100  6:41  Drone  
  100  6:42  Drone x2  
  100  6:46  Overlord  
  102  6:48  Zerg Missile Weapons Level 1  
  102  6:50  Roach x2  
  102  6:51  Roach, Infestation Pit  
  107  6:54  Overlord  
  108  7:03  Overlord  
  108  7:04  Roach x3  
  108  7:08  Overlord  
  114  7:11  Overlord  
  114  7:19  Overseer  
  114  7:27  Swarm Host x11  
  147  7:33  Swarm Host  
  147  7:34  Queen  
  152  7:39  Roach  
  152  7:41  Overlord  
  152  7:42  Queen  
  152  7:43  Roach x3  
  162  7:44  Spore Crawler  
  162  7:48  Roach x3  
  162  7:50  Roach  
  170  7:51  Roach  
  170  7:54  Ravager x5  
  170  7:56  Overlord  
  170  7:58  Roach  
  176  8:00  Roach  
  176  8:01  Roach  
  176  8:03  Zergling x6  
  176  8:04  Zergling x2  
  184  8:10  Zergling x2  
  185  8:14  Roach x4  
  185  8:17  Ravager x2  
  185  8:18  Spore Crawler  
  194  8:22  Roach x3  
  200  8:38  Roach  
  200  8:39  Roach x3  
  200  8:40  Roach  
  197  8:44  Roach  
  197  8:45  Roach  
  197  8:47  Zergling x2  
  200  8:51  Hive  
  200  8:52  Hydralisk Den, Extractor  
  200  8:53  Extractor  
  200  8:54  Zergling x4  
  199  8:56  Zergling x2  
  200  9:04  Zerg Missile Weapons Level 2  
  185  9:24  Zergling x6  
  185  9:25  Zergling x26  
  185  9:27  Roach  
  182  9:40  Hydralisk x8  
  182  9:41  Zergling x4  
  182  9:43  Lurker Den, Drone x2  
  196  9:45  Drone  
  196  9:49  Grooved Spines  
  196  9:50  Drone, Queen  
  196  9:52  Drone  
  194  9:56  Drone x2  
  191  10:03  Hydralisk x2  
  195  10:12  Viper  
  198  10:18  Hydralisk x2, Zergling x2  
  198  10:19  Zergling x4  
  198  10:20  Hydralisk x5  
  192  10:22  Zergling x2  
  192  10:24  Drone x2  
  192  10:26  Drone  
  192  10:32  Hydralisk  
  192  10:33  Roach x2  
  192  10:38  Zergling x6  
  192  10:41  Lurker x4  
  199  10:49  Roach x2  
  197  10:51  Roach x2  
  197  10:52  Roach  
  197  10:57  Roach x3  
  189  10:59  Hydralisk x3  
  154  11:05  Roach  
  154  11:06  Roach  
  157  11:12  Roach  
Show
View Real Time Build Order
Export as new Build Order

ShoWTimE Protoss - Winner!

Build Orders: 1 Gate Expand, Oracle Opening, Zealot Archon 

Get SALT Encoding   

  12  0:00  Probe  
  13  0:12  Probe  
  14  0:19  Pylon  
  14  0:24  Probe  
  15  0:37  Probe (Chrono Boost)  
  15  0:39  Gateway  
  16  0:46  Probe (Chrono Boost)  
  16  0:49  Assimilator  
  17  0:51  Probe (Chrono Boost)  
  18  1:03  Probe  
  19  1:15  Probe  
  20  1:26  Nexus  
  20  1:37  Cybernetics Core  
  21  1:40  Probe  
  21  1:45  Assimilator  
  21  1:52  Probe  
  22  1:54  Pylon  
  22  2:04  Probe  
  23  2:11  Adept (Chrono Boost)  
  25  2:16  Probe  
  25  2:21  Stargate  
  26  2:28  Probe (Chrono Boost)  
  27  2:32  Adept (Chrono Boost)  
  27  2:35  Warp Gate  
  29  2:39  Probe (Chrono Boost)  
  31  2:46  Probe (Chrono Boost)  
  31  2:48  Probe (Chrono Boost)  
  32  2:53  Adept, Probe x2 (Chrono Boost)  
  36  3:04  Oracle (Chrono Boost), Probe  
  36  3:05  Probe  
  38  3:12  Pylon  
  41  3:16  Probe  
  41  3:17  Probe  
  43  3:23  Adept  
  45  3:28  Probe  
  45  3:30  Probe  
  47  3:40  Probe  
  44  3:42  Oracle (Chrono Boost), Gateway  
  44  3:47  Probe  
  48  3:53  Adept, Probe  
  48  3:54  Pylon  
  51  3:59  Probe  
  52  4:08  Probe, Nexus  
  53  4:11  Probe  
  53  4:13  Oracle (Chrono Boost)  
  57  4:20  Pylon, Probe  
  57  4:23  Probe  
  59  4:26  Assimilator  
  59  4:28  Assimilator  
  59  4:33  Probe  
  59  4:35  Robotics Facility  
  59  4:36  Probe  
  61  4:41  Pylon  
  61  4:45  Probe  
  62  4:47  Shield Battery  
  62  4:49  Forge, Probe  
  63  4:58  Probe (Chrono Boost)  
  64  5:02  Probe (Chrono Boost)  
  65  5:07  Pylon, Sentry x2, Gateway  
  65  5:13  Probe (Chrono Boost)  
  71  5:15  Probe (Chrono Boost)  
  71  5:18  Probe (Chrono Boost), Twilight Council  
  71  5:20  Probe (Chrono Boost)  
  73  5:22  Probe (Chrono Boost)  
  73  5:24  Observer  
  73  5:28  Probe (Chrono Boost)  
  75  5:31  Protoss Ground Weapons Level 1 (Chrono Boost)  
  75  5:32  Probe (Chrono Boost), Gateway  
  77  5:39  Probe x2 (Chrono Boost)  
  77  5:41  Probe (Chrono Boost)  
  79  5:44  Probe (Chrono Boost)  
  79  5:46  Pylon, Probe x2 (Chrono Boost)  
  82  5:50  Immortal  
  82  5:51  Charge  
  82  5:54  Probe  
  87  5:57  Probe  
  87  5:59  Probe  
  87  6:02  Gateway  
  87  6:03  Gateway  
  89  6:06  Probe  
  89  6:08  Assimilator  
  89  6:09  Probe  
  91  6:13  Assimilator  
  91  6:15  Templar Archives  
  91  6:19  Sentry  
  91  6:21  Zealot  
  91  6:25  Gateway  
  95  6:29  Gateway  
  95  6:30  Gateway  
  95  6:33  Gateway  
  95  6:34  Warp Prism  
  95  6:37  Probe x2  
  99  6:47  Probe  
  100  6:49  Photon Cannon  
  100  6:50  Phoenix  
  102  6:54  Pylon  
  102  6:57  High Templar x2  
  102  6:58  Zealot  
  108  7:02  Photon Cannon  
  108  7:03  Archon  
  108  7:04  Photon Cannon  
  108  7:09  Shield Battery  
  108  7:12  Pylon  
  108  7:14  Zealot, High Templar x2  
  108  7:15  Phoenix  
  116  7:19  Archon  
  116  7:25  Pylon  
  116  7:30  Pylon, Zealot x2  
  116  7:31  Zealot x2  
  116  7:32  Pylon  
  124  7:40  Pylon  
  124  7:47  Zealot x3  
  124  7:48  Zealot  
  132  7:56  Pylon  
  132  8:01  Immortal (Chrono Boost), Robotics Bay  
  132  8:03  Robotics Facility  
  134  8:08  Photon Cannon  
  134  8:09  Protoss Ground Weapons Level 2 (Chrono Boost), Photon Cannon  
  134  8:11  Shield Battery  
  134  8:12  Shield Battery  
  128  8:13  Photon Cannon  
  128  8:16  Shield Battery  
  128  8:19  Photon Cannon  
  128  8:20  Photon Cannon  
  128  8:21  High Templar x2  
  128  8:25  Archon, High Templar  
  128  8:26  High Templar  
  136  8:31  Archon, Shield Battery, Pylon  
  136  8:32  Zealot x2  
  130  8:48  Zealot x4, Disruptor (Chrono Boost)  
  138  8:51  Disruptor (Chrono Boost)  
  138  8:53  Shield Battery  
  144  9:07  High Templar x2  
  144  9:08  Zealot x5  
  158  9:12  Archon  
  158  9:15  Pylon, Zealot x3  
  164  9:21  Disruptor  
  153  9:31  Zealot x2  
  153  9:32  Zealot x3  
  153  9:34  Disruptor  
  156  9:39  Zealot x2  
  157  9:50  Nexus  
  151  9:55  High Templar x3  
  151  9:56  High Templar  
  151  9:59  Archon  
  149  10:00  Archon  
  149  10:06  Probe x2  
  151  10:08  Zealot x5  
  161  10:24  Probe x2  
  161  10:25  Probe  
  164  10:29  High Templar  
  164  10:30  High Templar  
  164  10:33  Pylon, Archon  
  164  10:34  Pylon  
  168  10:36  Probe  
  168  10:37  Probe x2  
  168  10:41  Pylon  
  171  10:45  Zealot  
  173  10:51  Probe  
  164  11:00  Zealot x5  
  164  11:01  Zealot x2  
  175  11:11  Zealot x3  
  177  11:12  Probe x2  
  177  11:13  Probe x2  
  161  11:28  Zealot  
  161  11:29  Zealot x6  

Tags
 
Add a new tag
Caveats
  • Supply blocks, unpowered buildings, or Contaminate may cause inaccurate times.
  • Supply counts are checked every 10 seconds.